 Dungeon Crawl Stone Soup version 0.23-a0-644-gb60d84b (webtiles) character file.

18 Borgoz the Skirmisher (level 2, -1/27 HPs)
             Began as a Ghoul Abyssal Knight on Jan 1, 2019.
             Was a Follower of Lugonu.
             Slain by a bullfrog (5 damage)
             ... on level 2 of the Dungeon.
             The game lasted 00:01:34 (323 turns).

Borgoz the Skirmisher (Ghoul Abyssal Knight)         Turns: 323, Time: 00:01:34

Health: -1/27      AC:  5    Str: 15    XL:     2   Next: 70%
Magic:  11/11      EV: 10    Int: 12    God:    Lugonu [*.....]
Gold:   37         SH:  0    Dex:  8    Spells: 1/1 levels left

rFire    . . .     SeeInvis .   a - +1 hand axe
rCold    + . .     Gourm    .   (no shield)
rNeg     + + +     Faith    .   k - +0 ring mail
rPois    ∞         Spirit   .   (no helmet)
rElec    .         Reflect  .   (no cloak)
rCorr    .         Harm     .   (no gloves)
MR       .....                  (no boots)
Stlth    ..........             (no amulet)
HPRegen  0.00/turn              d - ring of magical power
MPRegen  0.12/turn              (no ring)

@: brilliant, rotting, hasted, very quick
A: rotting body, claws 1, carnivore, cold resistance 1, negative energy
resistance 3, inhibited regeneration, torment resistance, unbreathing
a: Depart the Abyss, Renounce Religion


You were on level 2 of the Dungeon.
You worshipped Lugonu.
Lugonu was aware of your devotion.
You were not hungry.

You visited 1 branch of the dungeon, and saw 2 of its levels.
You visited the Abyss 1 time.

You collected 37 gold pieces.

Inventory:

Hand Weapons
 a - a +1 hand axe (weapon)
Missiles
 b - a throwing net (quivered)
Armour
 k - a +0 ring mail (worn)
Jewellery
 d - a ring of magical power (left claw)
Scrolls
 e - a scroll of teleportation {unknown}
 g - a scroll of remove curse {unknown}
 i - a scroll of identify {unknown}
 l - a scroll of noise {unknown}
Potions
 h - a potion of haste
Comestibles
 c - 3 rations
 f - 7 chunks of flesh


   Skills:
 + Level 3.9 Fighting
 + Level 2.0 Axes
 + Level 2.0 Armour
 + Level 1.0 Dodging
 + Level 2.0 Invocations


You had one spell level left.
You didn't know any spells.
Your spell library was empty.

Dungeon Overview and Level Annotations

Branches:
Dungeon (2/15)

Altars:


Innate Abilities, Weirdness & Mutations

Your body is rotting away.
You thrive on raw meat.
You are immune to poison.
You have sharp fingernails.
You are carnivorous and can eat meat at any time.
Your flesh is cold resistant. (rC+)
You are immune to negative energy. (rN+++)
You do not regenerate when monsters are visible.
You are immune to unholy pain and torment.
You can survive without breathing.


Message History

The bullfrog hits you but does no damage.
The bullfrog misses you. The bullfrog hits you. The bullfrog misses you.
You closely miss the bullfrog.
The bullfrog is heavily wounded.
The bullfrog hits you!
* * * LOW HITPOINT WARNING * * *
It was a potion of haste.
You feel yourself speed up. The bullfrog hits you.
* * * LOW HITPOINT WARNING * * *
The bullfrog barely misses you.
You miss the bullfrog.
The bullfrog is heavily wounded.
The bullfrog barely misses you.
It was a potion of brilliance.
You feel clever all of a sudden. The bullfrog closely misses you.
It was a potion of magic.
Magic courses through your body. The bullfrog hits you.
You die...

.^............. #
.............# .#
##...<# .#
###.$...## ###.#
#........####...##
###..............
.#
.........)....#.#
.#
##.#.[.......#F##.#
# #.........@#.#.#
#.........###..#
#.#......>..K..#.#
#...........###.##
###...).....# #.#
#........$# #.#
#........### ...
#......#.# ##.
...#...###. #


You could see a bullfrog.

Vanquished Creatures
  2 bats (D:1)
  3 giant cockroaches (D:1)
  3 goblins
  A hobgoblin (D:1)
  3 kobolds (D:1)
  A ball python (D:1)
  2 rats (D:1)
15 creatures vanquished.

Notes
Turn   | Place    | Note
-------+----------+-------------------------------------------
     0 | Abyss:1  | Borgoz the Ghoul Abyssal Knight began the quest for the
                  | Orb.
     0 | Abyss:1  | Reached XP level 1. HP: 19/19 MP: 1/1
    39 | Abyss:1  | Found a corrupted altar of Lugonu.
    46 | Abyss:1  | Noticed an ancient zyme
    52 | Abyss:1  | Noticed an ancient zyme
    54 | D:1      | Escaped the Abyss
   171 | D:1      | Reached XP level 2. HP: 26/26 MP: 2/2
   191 | D:1      | Reached * piety under Lugonu
   299 | D:2      | Noticed a bullfrog
   303 | D:2      | Reached skill level 1 in Dodging
   323 | D:2      | Slain by a bullfrog

Vault maps used:
D:1:      dpeg_arrival_rooms_b, grunt_decor_fettered, st_stairs_10
D:2:      kennysheep_vampire_church, minivault_19

Skill      XL: |  1  2 |
---------------+-------+-----
Armour         | 2 |  2.0
Axes           | 2 |  2.0
Dodging        | 1 |  1.0
Fighting       | |  3.9
Invocations    | |  2.0

Action                   || total
-------------------------++-------
Melee: Hand axe          ||    45
Invok: Depart the Abyss  ||     1
  Use: Potion            ||     3
  Eat: Chunk             ||     5
Armor: Leather armour    ||     8
       Ring mail         ||     3
Dodge: Dodged            ||    28

Table legend:
 A = Non-vault XP
 B = Vault XP
 C = Vault XP percentage of total XP
 D = Non-vault monster count
 E = Vault monster count
 F = Vault count percentage of total count
                 A         B        C        D         E       F
            +---------+---------+-------+---------+---------+-------
      Total |      22 |       5 |  18.5 |      12 |       3 |  20.0
            +---------+---------+-------+---------+---------+-------
        D:1 |      18 |       5 |  21.7 |      10 |       3 |  23.1
        D:2 |       4 |       0 |   0.0 |       2 |       0 |   0.0
            +---------+---------+-------+---------+---------+-------
